 Dungeon Crawl Stone Soup version 0.30-a0-310-g7d6cbdfea6 (webtiles) character file.

Game seed: 3595227039037280469

136441 billz999 the Bewitcher (level 16, -6/127 HPs)
             Began as a Vampire Earth Elementalist on Oct 24, 2022.
             Was the Champion of Kikubaaqudgha.
             Mangled by an alligator (11 damage)
             ... on level 3 of the Swamp.
             The game lasted 02:25:34 (43402 turns).

billz999 the Bewitcher (VpEE)                      Turns: 43402, Time: 02:25:35

Health: -6/127     AC:  8    Str:  9    XL:     16   Next: 66%
Magic:  12/39      EV: 17    Int: 32    God:    Kikubaaqudgha [******]
Gold:   1668       SH:  6    Dex: 20    Spells: 0/36 levels left

rFire   + . .      SeeInvis +    a - +3 short sword of the Beast {flame, Will+}
rCold   . . .      Faith    .    C - +0 buckler
rNeg    . . .      Spirit   .    M - +1 robe {rF+}
rPois   .          Reflect  .    (no helmet)
rElec   .          Harm     .    r - +0 cloak
rCorr   +          Rampage  .    V - +2 pair of gloves {Dex+3}
Will    ++...                    v - +0 pair of boots
Stlth   +++++.....               u - amulet of the acrobat
HPRegen 0.61/turn                R - ring "Bifougim" {rCorr MP+9 Str+2 Int+3}
MPRegen 0.26/turn                t - +6 ring of intelligence

@: healing quickly
A: alive, fangs 3, see invisible, vampiric 2
a: Exsanguinate, Renounce Religion, Unearth Wretches, Torment


You were on level 3 of the Swamp.
You worshipped Kikubaaqudgha.
Kikubaaqudgha was exalted by your worship.
You visited 5 branches of the dungeon, and saw 27 of its levels.

You collected 3670 gold pieces.
You spent 2002 gold pieces at shops.

Inventory:

Hand Weapons
 a - the +3 short sword of the Beast (weapon) {flame, Will+}
   (You bought it in a shop on level 2 of the Orcish Mines)

   It burns those it strikes, dealing additional fire damage.
   Will:      It increases your willpower.
 X - a +2 dagger of electrocution
 Z - a +0 vampiric dagger
Missiles
 x - 6 throwing nets
Armour
 r - a +0 cloak (worn)
 v - a +0 pair of boots (worn)
 A - a +0 robe of resistance
 C - a +0 buckler (worn)
 M - a +1 robe of fire resistance (worn)
 V - a +2 pair of gloves of dexterity (worn)
Magical Staves
 b - a staff of earth
 l - a staff of death
Jewellery
 t - a +6 ring of intelligence (right hand)
 u - an amulet of the acrobat (around neck)
 y - a ring of poison resistance
 E - a ring of protection from cold
 N - an amulet of guardian spirit
 Q - a +6 ring of strength
 R - the ring "Bifougim" (left hand) {rCorr MP+9 Str+2 Int+3}
   (You bought it in a shop on level 2 of the Orcish Mines)

   [ring of magical power]

   Str:       It affects your strength (+2).
   Int:       It affects your intelligence (+3).
   MP:        It affects your magic capacity (+9).
   rCorr:     It protects you from acid and corrosion.
 U - a ring of resist corrosion
Wands
 e - a wand of roots (1)
 I - a wand of digging (12)
 J - a wand of quicksilver (1)
 Y - a wand of flame (47)
Scrolls
 f - 11 scrolls of teleportation
 h - 4 scrolls of silence
 j - 7 scrolls of vulnerability
 k - 2 scrolls of enchant armour
 n - 3 scrolls of amnesia
 p - 4 scrolls of immolation
 q - 2 scrolls of butterflies
 s - 2 scrolls of identify
 z - 3 scrolls of magic mapping
 T - 2 scrolls of torment
Potions
 d - 9 potions of curing
 g - 5 potions of mutation
 o - a potion of resistance
 w - 5 potions of brilliance
 B - a potion of lignification
 D - a potion of invisibility
 F - 6 potions of degeneration
 G - 5 potions of haste
 H - 2 potions of attraction
 K - a potion of cancellation
 L - 6 potions of flight
 O - 3 potions of berserk rage
 P - 3 potions of might
 S - 10 potions of ambrosia


   Skills:
 - Level 12.1 Fighting
 - Level 10.0 Short Blades
 - Level 8.6 Dodging
 - Level 9.8 Stealth
 - Level 4.0 Shields
 - Level 10.6 Spellcasting
 - Level 20.6 Hexes
 + Level 13.5 Necromancy
 - Level 7.9 Transmutations
 - Level 7.7 Earth Magic


You couldn't memorise any spells.
You knew the following spells:

 Your Spells              Type           Power      Damage    Failure   Level
a - Sandblast             Erth           100%       2d20      1%          1
b - Petrify               Tmut/Erth      61%        N/A       1%          4
c - Borgnjor's Vile Clut  Necr/Erth      35%        N/A       1%          5
d - Death Channel         Necr           40%        N/A       1%          6
e - Dispel Undead         Necr           81%        3d26      1%          4
f - Discord               Hex            49%        N/A       4%          8
g - Infestation           Necr           40%        N/A       65%         8

Your spell library contained the following spells:

 Spells                   Type           Power      Damage    Failure   Level
 Necrotise                Necr           100%       1d9       0%          1
 Slow                     Hex            100%       N/A       0%          1
 Confusing Touch          Hex            99%        N/A       0%          3
 Tukima's Dance           Hex            99%        N/A       0%          3
 Cause Fear               Hex            49%        N/A       0%          4
 Cigotuvi's Dreadful Rot  Necr/Pois/Air  92%        N/A       1%          2
 Ensorcelled Hibernation  Hex/Ice        100%       N/A       1%          2
 Passwall                 Tmut/Erth      50%        N/A       1%          2
 Sublimation of Blood     Necr           81%        N/A       1%          2
 Wereblood                Tmut           62%        N/A       1%          2
 Inner Flame              Hex/Fire       70%        N/A       1%          3
 Portal Projectile        Hex/Tloc       100%       N/A       1%          3
 Vampiric Draining        Necr           81%        2d11      1%          3
 Anguish                  Hex/Necr       45%        N/A       1%          4
 Animate Dead             Necr           81%        N/A       1%          4
 Agony                    Necr           81%        N/A       1%          5
 Metabolic Englaciation   Hex/Ice        35%        N/A       1%          5
 Stone Arrow              Conj/Erth      82%        3d12      2%          3
 Apportation              Tloc           34%        N/A       3%          1
 Summon Small Mammal      Summ           68%        N/A       3%          1
 Blade Hands              Tmut           31%        N/A       3%          5
 Gell's Gravitas          Tloc           17%        N/A       11%         3
 Kindle Blastsparks       Fire/Tloc/Air  34%        2d12      11%         3
 Ozocubu's Armour         Ice            17%        N/A       11%         3
 Swiftness                Air            17%        N/A       11%         3
 Teleport Other           Tloc           17%        N/A       11%         3
 Alistair's Intoxication  Tmut/Pois      28%        N/A       21%         5
 Irradiate                Conj/Tmut      21%        3d18      21%         5
 Simulacrum               Ice/Necr       28%        N/A       34%         6
 Fireball                 Conj/Fire      8%         3d6       69%         5
 Iskenderun's Battlesphe  Conj           17%        2d7       69%         5
 Eringya's Noxious Bog    Tmut/Pois      21%        N/A       73%         6
 Haunt                    Necr/Summ      28%        N/A       88%         7
 Conjure Ball Lightning   Conj/Air       8%         3x3d6     99%         6
 Dispersal                Tloc           8%         N/A       99%         6
 Orb of Destruction       Conj           8%         9d6       100%        7
 Summon Hydra             Summ           8%         N/A       100%        7
 Summon Horrible Things   Summ           8%         N/A       100%        8


Dungeon Overview and Level Annotations

Branches:
Dungeon (15/15)            Temple (1/1) D:5            Lair (5/5) D:8
  Swamp (4/4) Lair:2       Spider (0/4) Lair:2        Slime (0/5) Lair:4
    Orc (2/2) D:10            Elf (0/3) Orc:2        Vaults (0/5) D:13
 Depths (0/4) D:15

Altars:
Ashenzari
Cheibriados
Dithmenos
Fedhas
Gozag
Hepliaklqana
Kikubaaqudgha
Makhleb
Nemelex Xobeh
Okawaru
Qazlal
Ru
Sif Muna
Trog
Uskayaw
Vehumet
Wu Jian
Xom
Yredelemnul
Jiyva

Shops:
D:2 :   D:4 *   D:7 *   D:8 ?*   Orc:2 (*=:

Annotations:
D:7 exclusion: statue
D:14 6 transporters
D:15 Roxanne


Innate Abilities, Weirdness & Mutations

Your natural rate of healing is accelerated.
You have razor-sharp teeth.
You have supernaturally acute eyesight. (SInv)
You are afflicted with vampirism and can become a bat while bloodless.


Message History

Press: ? - help, Shift-Dir - straight line, f - alligator
Aim: an alligator (heavily wounded, covering ground quickly, 100% to hit)
Zombie hands grab the alligator. x2
The zombie hands constrict the alligator.
The zombie hands constrict the alligator!
The alligator struggles to escape constriction. x2
You block the alligator's attack. The alligator tail-slaps you!
* * * LOW HITPOINT WARNING * * *
The alligator struggles to escape constriction.
The alligator escapes!
The zombie hands constrict the alligator.
The alligator struggles to escape constriction.
The zombie hands constrict the alligator!
The alligator struggles to escape constriction.
The alligator escapes!
Casting: Borgnjor's Vile Clutch (mildly dangerous; 1% risk of failure)
Confirm with . or Enter, or press ? or * to list all spells.
Aiming: Borgnjor's Vile Clutch (mildly dangerous; 1% risk of failure)
Press: ? - help, Shift-Dir - straight line, f/p - alligator
Aim: an alligator (heavily wounded, covering ground quickly, 100% to hit)
Zombie hands grab the alligator.
The zombie hands constrict the alligator!
The alligator struggles to escape constriction. x2
Casting: Borgnjor's Vile Clutch (mildly dangerous; 1% risk of failure)
Confirm with . or Enter, or press ? or * to list all spells.
Aiming: Borgnjor's Vile Clutch (mildly dangerous; 1% risk of failure)
Press: ? - help, Shift-Dir - straight line, f - alligator, p - alligator
Aim: an alligator (almost dead, covering ground quickly, 100% to hit)
Zombie hands grab the alligator.
The zombie hands constrict the alligator.
The zombie hands constrict the alligator!
The alligator bites you!
* * * LOW HITPOINT WARNING * * *
The alligator tail-slaps you.
* * * LOW HITPOINT WARNING * * *
The alligator escapes!
The alligator bites you!
* * * LOW HITPOINT WARNING * * *
The alligator tail-slaps you!
You die...
Kikubaaqudgha rasps: "You have failed me!
Welcome... death!"

♣♣♣♣♣...~~~ ♣♣.♣.....~≈
♣~.~.~~~~≈≈ ♣♣.♣.~...≈≈
♣♣♣♣.~~♣≈≈ ♣♣♣♣♣ ♣♣♣~.≈≈≈~ ♣
♣♣..~♣♣♣♣♣..~~♣≈≈~ ♣♣♣♣♣
♣.~§..~~..§.~.♣≈≈~ ~...♣♣♣♣
♣@~~~.~~~~~~~≈≈≈≈~ ~~...~.♣♣
♣♣♣♣♣♣t~..~~~~~~~≈≈≈≈≈ ~.....~.♣
♣........~~~~~~~~~≈≈≈≈ ..~~~~~.♣
♣~§~~(.♣♣♣.~~§§~~♣≈≈≈≈
..~~~~~♣♣♣♣♣.~~~~.~♣♣~~~§~~~♣.~~~
~.~~~~~♣♣..~~.§~~~.♣♣♣.~~~~~♣♣♣♣.
~.~~~....♣~~~..~~~†.♣♣~~~~~~~♣♣♣♣
♣~~~~~~.~♣♣♣♣~~...>~♣♣..~~§~~~.~♣
♣~..~~~~~♣ ♣.~.~§~.♣♣..~~~..~♣..


You could see an alligator (swift, clutched).

Vanquished Creatures
  Mara (Swamp:3)
  Rupert (D:15)
  A thorn hunter (Swamp:1)
  The ghost of CertainDeath the Warrior, a journeyman MiMo of Gozag (Lair:3)
  Aizul (Lair:2)
  An eleionoma (Swamp:3)
  3 bunyips
  Snorg (D:13)
  A fire dragon (Lair:5)
  An entropy weaver (shapeshifter) (D:14)
  2 ice dragons (D:15)
  4 ogre magi (Orc:2)
  4 hydras
  3 catoblepae
  6 centaur warriors
  6 boulder beetles
  13 two-headed ogres
  11 alligators
  12 death yaks
  2 tengu warriors
  A fire crab (Lair:5)
  5 skeletal warriors (D:14)
  5 goliath frogs
  A spriggan druid (Swamp:1)
  2 bog bodies (Swamp:2)
  3 swamp dragons (Swamp:1)
  A wizard (D:13)
  A deep elf pyromancer (D:15)
  3 ugly things (D:13)
  2 manticores
  9 cyclopes
  6 will-o-the-wisps
  17 elephants
  8 black mambas
  Joseph (D:10)
  2 molten gargoyles (Lair:5)
  4 torpor snails
  8 cane toads
  3 gargoyles
  2 efreet (D:15)
  A yaktaur (shapeshifter) (D:15)
  5 kobold demonologists
  2 demonic crawlers (D:12)
  2 rime drakes (Lair:3)
  11 komodo dragons
  5 yaktaurs (D:15)
  7 meliai
  3 tengu conjurers
  2 polar bears (Lair:2)
  A queen bee (D:10)
  5 trolls
  5 tyrant leeches
  14 blink frogs
  4 hornets
  A wolf spider simulacrum (D:14)
  6 dream sheep (Lair:1)
  3 slime creatures
  A centaur simulacrum (D:13)
  A spriggan (shapeshifter) (D:14)
  A wraith (D:14)
  2 shadows
  5 spriggans
  3 vampires
  6 wyverns
  9 basilisks
  39 yaks
  A steam dragon (D:7)
  7 vampire mosquitoes
  10 swamp worms
  A warg (Orc:1)
  6 hell hounds
  15 water moccasins
  2 acid dragons
  11 orc warriors
  2 ice beasts
  3 swamp drakes
  A tengu (shapeshifter) (D:13)
  6 black bears
  31 ogres
  7 wolves
  2 centaurs (D:14)
  3 phantoms
  2 kobold brigands (D:11)
  12 bullfrogs
  A necrophage (D:5)
  3 scorpions
  4 gnoll sergeants
  7 wights (D:9)
  2 troll zombies (D:10)
  35 killer bees
  2 electric eels (Lair:2)
  5 howler monkeys
  2 lava snakes (Lair:5)
  7 hounds
  8 jellies
  15 orc priests
  3 iguanas
  29 orc wizards
  5 ogre zombies (D:10)
  13 adders
  38 gnolls
  A shadow imp (D:6)
  2 white imps
  4 ufetubi
  2 worms (D:5)
  3 dart slugs
  71 orcs
  7 endoplasms
  4 giant cockroaches (D:12)
  10 goblins
  9 hobgoblins
  33 jackals
  3 quokkas
  5 ball pythons
  6 bats
  11 frilled lizards
  6 goblin zombies (D:10)
  2 hobgoblin skeletons (D:10)
  2 hobgoblin zombies (D:10)
  17 kobolds
  2 orc skeletons (D:10)
  13 orc zombies (D:10)
  5 rats
822 creatures vanquished.

Vanquished Creatures (collateral kills)
  2 two-headed ogres (Orc:2)
  A tengu warrior (D:13)
  4 death yaks
  A manticore (D:13)
  A cyclops (D:13)
  2 elephants (Lair:3)
  A molten gargoyle (Lair:5)
  A gargoyle (D:12)
  A troll (Orc:2)
  5 blink frogs
  A polar bear (Lair:4)
  A spriggan (Lair:4)
  2 wraiths (D:13)
  17 yaks
  2 basilisks
  A steam dragon (Lair:5)
  A swamp worm (Lair:2)
  2 acid dragons (D:13)
  2 water moccasins (D:12)
  A hell hound (Lair:5)
  A black bear (Lair:4)
  An orc warrior (Orc:1)
  4 wolves
  An ogre (Orc:2)
  2 centaurs (D:14)
  2 scorpions (D:12)
  9 killer bees (D:10)
  2 lava snakes (Lair:5)
  2 orc wizards
  3 adders (D:12)
  4 gnolls (D:13)
  3 orcs
  An endoplasm (Lair:4)
  2 giant cockroaches (D:12)
  A jackal (D:12)
  A ball python (D:12)
  A frilled lizard (D:12)
89 creatures vanquished.

Vanquished Creatures (others)
  2 briar patches (Swamp:1)
  34 foxfires
  37 fungi
  38 plants
111 creatures vanquished.

Grand Total: 1022 creatures vanquished

Notes
Turn   | Place    | Note
-------+----------+-------------------------------------------
     0 | D:1      | billz999 the Vampire Earth Elementalist began the quest for
                  | the Orb.
     0 | D:1      | Reached XP level 1. HP: 13/13 MP: 3/3
   243 | D:1      | Reached XP level 2. HP: 12/19 MP: 0/5
  1021 | D:1      | Gained mutation: You are afflicted with vampirism and can
                  | become a bat while bloodless. [Vampire growth]
  1021 | D:1      | Reached XP level 3. HP: 19/24 MP: 3/6
  1325 | D:2      | Found Inguosur's Book Emporium.
  1613 | D:2      | Reached XP level 4. HP: 30/30 MP: 5/7
  2294 | D:3      | Learned a level 4 spell: Petrify
  2320 | D:3      | Reached XP level 5. HP: 35/35 MP: 6/8
  2821 | D:3      | Reached XP level 6. HP: 29/41 MP: 4/10
  3189 | D:3      | Reached skill level 5 in Transmutations
  3776 | D:4      | Found Zufon's Lightly-Used Armoury.
  4072 | D:4      | Reached XP level 7. HP: 43/46 MP: 3/12
  5119 | D:5      | Entered Level 5 of the Dungeon
  5185 | D:5      | Reached XP level 8. HP: 52/52 MP: 9/15
  5271 | D:5      | Reached skill level 5 in Spellcasting
  5483 | D:5      | Reached skill level 5 in Earth Magic
  6072 | D:5      | Found a staircase to the Ecumenical Temple.
  6155 | Temple   | Entered the Ecumenical Temple
  6329 | Temple   | Became a worshipper of Kikubaaqudgha
  6349 | Temple   | Learned a level 5 spell: Borgnjor's Vile Clutch
  6428 | D:5      | You fall into a shaft and drop 3 floors!
  6439 | D:8      | Reached skill level 1 in Necromancy
  6464 | D:8      | Found Dorreamp's Fire Supplies.
  6501 | D:8      | Found a staircase to the Lair.
  6526 | D:8      | Found a broken altar of Ashenzari.
  7234 | D:5      | Reached XP level 9. HP: 57/57 MP: 10/18
  7758 | D:6      | Reached skill level 5 in Necromancy
  8424 | D:7      | Found a radiant altar of Vehumet.
  8577 | D:7      | Found Sericsa's CLEARANCE SALE!.
  8585 | D:7      | Bought a potion of curing for 21 gold pieces
  8585 | D:7      | Bought a potion of haste for 70 gold pieces
  8914 | D:7      | Found a bloodstained altar of Trog.
  9393 | D:8      | Found a stormy altar of Qazlal.
  9680 | D:7      | Reached * piety under Kikubaaqudgha
  9680 | D:7      | Received a gift from Kikubaaqudgha
 10411 | D:8      | Found Qarrus's Magic Scroll Shoppe.
 10504 | D:9      | Reached XP level 10. HP: 63/63 MP: 1/19
 10673 | D:9      | Found an opulent altar of Gozag.
 11133 | D:9      | Reached skill level 10 in Necromancy
 11660 | D:9      | Reached ** piety under Kikubaaqudgha
 11810 | D:9      | Reached skill level 1 in Short Blades
 12049 | D:9      | Noticed a sixfirhy
 12405 | D:9      | Found a basalt altar of Yredelemnul.
 12405 | D:9      | Found a sparkling altar of Nemelex Xobeh.
 12800 | Lair:1   | Entered Level 1 of the Lair of Beasts
 12800 | Lair:1   | Noticed an elephant
 12800 | Lair:1   | Noticed an elephant
 12800 | Lair:1   | Noticed an elephant
 12864 | Lair:1   | Killed an elephant
 12865 | Lair:1   | Reached skill level 5 in Short Blades
 12976 | Lair:1   | HP: 2/63 [elephant (3)]
 12982 | Lair:1   | Noticed an elephant
 13205 | Lair:1   | Killed an elephant
 13216 | Lair:1   | Killed an elephant
 13217 | Lair:1   | Reached XP level 11. HP: 60/68 MP: 0/21
 13359 | Lair:1   | Noticed a boulder beetle
 13390 | Lair:1   | Killed a boulder beetle
 13429 | Lair:1   | Reached skill level 5 in Stealth
 13527 | Lair:1   | Reached skill level 1 in Fighting
 13801 | Lair:1   | Noticed a death yak
 13801 | Lair:1   | Noticed a death yak
 13831 | Lair:1   | Killed a death yak
 14060 | Lair:1   | Killed a death yak
 14187 | Lair:1   | Noticed a death yak
 14194 | Lair:1   | Killed a death yak
 14339 | Lair:1   | Reached skill level 5 in Fighting
 14499 | Lair:1   | Reached *** piety under Kikubaaqudgha
 14499 | Lair:1   | Received a gift from Kikubaaqudgha
 14883 | Lair:1   | Reached XP level 12. HP: 79/89 MP: 8/23
 14993 | Lair:1   | Found a shimmering blue altar of Sif Muna.
 15031 | Lair:1   | Learned a level 6 spell: Death Channel
 15523 | Lair:2   | Noticed a catoblepas
 15532 | Lair:2   | Killed a catoblepas
 16023 | Lair:2   | Noticed a four-headed hydra
 16036 | Lair:2   | Killed a four-headed hydra
 16393 | Lair:2   | Reached **** piety under Kikubaaqudgha
 16546 | Lair:2   | Found a hole to the Spider Nest.
 16900 | Lair:2   | Found a staircase to the Swamp.
 17715 | D:8      | Bought a +1 robe of fire resistance for 165 gold pieces
 17946 | Lair:3   | Reached skill level 1 in Shields
 18193 | Lair:3   | Noticed a death yak
 18193 | Lair:3   | Noticed a death yak
 18513 | Lair:3   | Learned a level 4 spell: Dispel Undead
 18581 | Lair:3   | Found a runed translucent door.
 18586 | Lair:3   | Noticed CertainDeath's ghost (journeyman MiMo)
 18599 | Lair:3   | Reached XP level 13. HP: 77/101 MP: 1/24
 19595 | Lair:3   | Killed CertainDeath's ghost
 19596 | Lair:3   | Reached skill level 5 in Dodging
 19724 | Lair:4   | Reached skill level 10 in Fighting
 20162 | Lair:4   | Found a staircase to the Slime Pits.
 20334 | Lair:4   | Reached ***** piety under Kikubaaqudgha
 21242 | Lair:5   | Entered Level 5 of the Lair of Beasts
 21811 | Lair:5   | Reached XP level 14. HP: 111/111 MP: 4/25
 22377 | Lair:5   | Reached skill level 10 in Short Blades
 23263 | Lair:5   | Found a large runed translucent door.
 23422 | Lair:5   | Found a large runed translucent door.
 24472 | D:10     | Entered Level 10 of the Dungeon
 24646 | D:4      | Learned a level 8 spell: Discord
 24795 | D:10     | Reached skill level 1 in Hexes
 24821 | D:10     | Reached skill level 2 in Hexes
 25478 | D:10     | Reached skill level 3 in Hexes
 26199 | D:10     | Reached skill level 4 in Hexes
 26254 | D:10     | Found a staircase to the Orcish Mines.
 26486 | D:10     | Noticed Joseph
 26490 | D:10     | Killed Joseph
 26490 | D:10     | Reached ****** piety under Kikubaaqudgha
 26549 | D:10     | Reached skill level 5 in Hexes
 26736 | D:10     | Found a shimmering altar of Xom.
 26741 | D:10     | Found a blossoming altar of Fedhas.
 26896 | D:10     | Found a viscous altar of Jiyva.
 27128 | Orc:1    | Entered Level 1 of the Orcish Mines
 27138 | Orc:1    | Reached skill level 6 in Hexes
 27324 | Orc:1    | Reached skill level 7 in Hexes
 27896 | Orc:2    | Entered Level 2 of the Orcish Mines
 28370 | Orc:2    | Found a staircase to the Elven Halls.
 28543 | Orc:2    | Reached skill level 8 in Hexes
 28932 | Orc:2    | Reached skill level 9 in Hexes
 29113 | Orc:2    | Reached skill level 10 in Hexes
 29408 | Orc:2    | Reached skill level 11 in Hexes
 29472 | Orc:2    | Found Wikoes's Weapon Boutique.
 29472 | Orc:2    | Found Qushry's Jewellery Emporium.
 29638 | Orc:2    | Reached skill level 12 in Hexes
 29698 | Orc:2    | Found Nehycif's Book Shop.
 29698 | Orc:2    | Found Pelokheu's General Store.
 30150 | Orc:2    | Bought the ring "Bifougim" {rCorr MP+9 Str+2 Int+3} for 560
                  | gold pieces
 30190 | Orc:2    | Received a gift from Kikubaaqudgha
 30192 | Orc:2    | Bought a +1 pair of gloves of dexterity for 280 gold pieces
 30202 | Orc:2    | Bought a potion of heal wounds for 85 gold pieces
 30203 | Orc:2    | Bought the +3 short sword of the Beast {flame, Will+} for
                  | 561 gold pieces
 31209 | D:11     | Reached skill level 13 in Hexes
 31545 | D:11     | Identified the +0 leather armour of Valour {*Corrode rPois
                  | Int-5 Dex+3}
 31813 | D:12     | Reached XP level 15. HP: 119/119 MP: 26/26
 33161 | D:12     | Reached skill level 14 in Hexes
 33599 | D:13     | Found a gate to the Vaults.
 33868 | D:13     | Noticed Snorg
 33877 | D:13     | Killed Snorg
 34179 | D:13     | Reached skill level 15 in Hexes
 35334 | D:14     | Reached skill level 16 in Hexes
 35866 | D:13     | Reached skill level 17 in Hexes
 36440 | D:14     | Found a transporter.
 36445 | D:14     | Found a transporter.
 36445 | D:14     | Found a transporter.
 36446 | D:14     | Found a sparkling altar of Nemelex Xobeh.
 36446 | D:14     | Noticed a juggernaut
 36464 | D:14     | Found a transporter.
 36464 | D:14     | Found a transporter.
 36464 | D:14     | Found a transporter.
 36896 | D:15     | Entered Level 15 of the Dungeon
 37022 | D:15     | Noticed Rupert
 37029 | D:15     | Paralysed by Rupert for 3 turns
 37033 | D:15     | Killed Rupert
 37093 | D:15     | Reached skill level 18 in Hexes
 37243 | D:15     | Got the Directory of the Pyromaniac and the Gathering
 37367 | D:15     | Found a staircase to the Depths.
 37515 | D:15     | Noticed Roxanne
 37619 | D:15     | Reached XP level 16. HP: 111/126 MP: 13/29
 38158 | D:15     | Reached skill level 19 in Hexes
 38539 | Orc:2    | Bought a ring of poison resistance for 260 gold pieces
 38718 | Swamp:1  | Entered Level 1 of the Swamp
 38718 | Swamp:1  | Noticed Aizul
 38849 | Lair:2   | Killed Aizul
 39066 | Swamp:1  | Reached skill level 10 in Spellcasting
 39290 | Swamp:1  | Noticed a thorn hunter
 39416 | Swamp:1  | Identified a scroll of acquirement
 39417 | Swamp:1  | Acquired 442 gold pieces
 39429 | Swamp:1  | Killed a thorn hunter
 39956 | Swamp:1  | Found a radiant altar of Vehumet.
 39970 | Swamp:1  | Reached skill level 20 in Hexes
 42426 | Swamp:3  | Learned a level 8 spell: Infestation
 42603 | Swamp:3  | Noticed Mara
 42604 | Swamp:3  | Noticed billz999's illusion
 42878 | Swamp:3  | Noticed billz999's illusion
 42881 | Swamp:3  | Killed Mara
 43217 | Swamp:4  | Entered Level 4 of the Swamp
 43217 | Swamp:4  | Noticed a tentacled monstrosity
 43217 | Swamp:4  | Noticed a thorn hunter
 43402 | Swamp:3  | HP: 5/127 [alligator (11)]
 43402 | Swamp:3  | Mangled by an alligator

Illustrated notes

Levels and vault maps discovered:
D:1:      sevenhm_arrival_forest_fort_large_2, layout_basic
D:2:      layout_basic, serial_shops, shop, minmay_tromino_v4_a
D:3:      lemuel_castle_with_subvaults [lemuel_castle_interior_carwin_2],
          layout_rooms
D:4:      layout_gridville, minmay_shop_damaged
D:5:      layout_basic, minmay_temple_entry_poolview, hangedman_minor_gate_pass
D:6:      layout_loops_corners
D:7:      layout_layer_cave, vehumet_statue, gammafunk_temple_overflow_elements,
          kennysheep_little_box, amcnicky_mini_pool_small,
          nicolae_shop_clearance
D:8:      layout_basic, evilmike_ruin_ashenzari,
          nicolae_qazlal_eye_of_the_storm, dpeg_oklobed_lair, serial_shops,
          nicolae_lakefront_shop, nicolae_shop_fire_sale
          [nicolae_sub_dead_trees]
D:9:      layout_layer_cave, nicolae_gozag_seed_capital,
          nicolae_overflow_two_pavilions
D:10:     layout_roguey [special_room_bee], amethyst_overflow_temple_binary,
          zombieorc2_lemuel, jiyva_altar_1, uniq_joseph
D:11:     layout_gridville
D:12:     layout_roguey, hangedman_parallel_progression
D:13:     minmay_quarter_circles, layout_loops_ring, st_stairs_3, uniq_snorg
D:14:     layout_loops_ring, minmay_fountain_box, minmay_misc_feat_iff,
          hellmonk_jugg_or_not
D:15:     grunt_enter_depths_hoard, layout_rooms, uniq_roxanne, uniq_rupert
Temple:   chequers_temple_sunken
Lair:1:   layout_long_grid, basic_altar, serial_bayou_shore_b,
          lemuel_fruit_tree, grunt_megastairs_5
Lair:2:   layout_gridlike, nicolae_swamp_entry_splash_gauntlet,
          dummy_spider_entry, grunt_megastairs_4
Lair:3:   layout_layer_cave, ebering_ghost_reflecting_pool
Lair:4:   layout_roguey, nicolae_slime_entry_slimehenge, minivault_26,
          forest_entry_grove
Lair:5:   cheibrodos_lair_end_hotspot, layout_gridlike, minivault_27
Swamp:1:  layout_basic_swamp, evilmike_swamp_ruin_rubble_1, swamp_pool2,
          nicolae_swamp_godswood, nzn_swamp_dancing_lights, uniq_aizul
Swamp:2:  layout_basic_swamp, evilmike_swamp_ruin_house_3, swamp_pool2
Swamp:3:  layout_basic_swamp, nicolae_swamp_little_tower, swamp_pool1, uniq_mara
Swamp:4:  swamp, layout_basic_swamp, swamp_pool1, nicolae_swamp_snake_nest
Orc:1:    layout_caves
Orc:2:    st_orc_ogre_mass, layout_diamond_mine, special_room

Skill      XL: |  1  2  3  4  5  6  7  8  9 10 11 12 13 14 15 16 |
---------------+-------------------------------------------------+-----
Transmutations | 2 3 4 5 6 7 |  7.9
Stealth        | 4 9 |  9.8
Spellcasting   | 3 4 6 7 9 10 | 10.6
Earth Magic    | 4 6 7 |  7.7
Necromancy     | 3 9 11 13 | 13.5
Short Blades   | 5 9 10 | 10.0
Fighting       | 6 9 10 11 12 | 12.1
Shields        | 4 |  4.0
Dodging        | 3 7 8 |  8.6
Hexes          | 13 18 20 | 20.6

Action                   |  1- 3 |  4- 6 |  7- 9 | 10-12 | 13-15 | 16-18 || total
-------------------------+-------+-------+-------+-------+-------+-------++-------
Melee: Unarmed           |    33 |       |       |       |       |       ||    33
       Bite              |     4 |     1 |    21 |    34 |    44 |     7 ||   111
       Staff             |       |    13 |     3 |     3 |     8 |     1 ||    28
       Dagger            |       |     3 |   112 |   130 |   124 |       ||   369
       Punch             |       |       |     1 |       |       |       ||     1
       Short sword       |       |       |       |       |    89 |    43 ||   132
 Cast: Sandblast         |    61 |   137 |   118 |   104 |   323 |   126 ||   869
       Petrify           |       |     1 |    42 |    64 |    68 |    30 ||   205
       Borgnjor's Vile C |       |       |       |    80 |   265 |    86 ||   431
       Death Channel     |       |       |       |    12 |    49 |       ||    61
       Dispel Undead     |       |       |       |       |     5 |       ||     5
       Discord           |       |       |       |       |       |     3 ||     3
Invok: Receive Forbidden |       |       |       |       |     1 |       ||     1
Evoke: Wand              |       |       |     1 |    16 |     7 |     5 ||    29
  Use: Scroll            |     1 |     5 |     3 |     9 |    12 |    12 ||    42
       Potion            |       |     3 |       |     5 |     6 |     6 ||    20
 Stab: Petrified         |       |       |    86 |    86 |    56 |    19 ||   247
       Sleeping          |       |       |     5 |       |     3 |       ||     8
       Petrifying        |       |       |     3 |     9 |    13 |     3 ||    28
       Distracted        |       |       |       |       |     4 |     1 ||     5
Armor: Robe              |    17 |    14 |    11 |    28 |    44 |    21 ||   135
Dodge: Dodged            |    45 |    91 |    85 |   225 |   307 |    78 ||   831
Block: Buckler           |       |       |       |    13 |    95 |    19 ||   127

Table legend: (Time is in decaauts)
 A = Elapsed time spent in this place.
 B = Non-inter-level travel time spent in this place.
 C = Inter-level travel time spent in this place.
 D = Time resting spent in this place.
 E = Time spent auto-exploring this place.
 F = Levels seen in this place.
 G = Mean time per level.
                   A        B        C        D        E       F      G
               +--------+--------+--------+--------+--------+-----+--------+
         Total |  43817 |  40176 |   3641 |   6704 |  27043 |  27 | 1622.9 |
       Dungeon |  24748 |  22321 |   2427 |   3239 |  15786 |  15 | 1649.9 |
        Temple |    236 |    202 |     34 |      0 |    187 |   1 |  236.0 |
          Lair |  10654 |   9924 |    730 |   1725 |   6266 |   5 | 2130.8 |
         Swamp |   4658 |   4346 |    312 |   1321 |   2387 |   4 | 1164.5 |
  Orcish Mines |   3518 |   3380 |    138 |    418 |   2416 |   2 | 1759.0 |
               +--------+--------+--------+--------+--------+-----+--------+

Top non-repeatable levels by time:
  Lair:5: 2782 daAuts
     D:9: 2551 daAuts
  Lair:1: 2457 daAuts
   Orc:2: 2365 daAuts
  Lair:2: 2343 daAuts
    D:13: 2241 daAuts
    D:10: 2211 daAuts
     D:3: 1889 daAuts
    D:12: 1875 daAuts
     D:8: 1858 daAuts
     D:7: 1703 daAuts
 Swamp:1: 1689 daAuts
  Lair:3: 1595 daAuts
 Swamp:3: 1591 daAuts
     D:5: 1582 daAuts
